 Dungeon Crawl Stone Soup version 0.30-a0-1112-gfb780f5df6 (webtiles) character file.

Game seed: 3771957487931923423

542 CowFu the Digger (level 6, 0/45 HPs)
             Began as a Demigod Earth Elementalist on Apr 20, 2023.
             Killed from afar by Blork the orc (4 damage)
             ... with a magic dart
             ... on level 6 of the Dungeon.
             The game lasted 00:06:02 (4669 turns).

CowFu the Digger (Demigod Earth Elementalist)       Turns: 4669, Time: 00:06:02

Health: 0/45       AC:  5    Str:  9    XL:     6   Next: 76%
Magic:  4/11       EV: 12    Int: 31    God:
Gold:   288        SH:  0    Dex: 14    Spells: 4/8 levels left

rFire   + . .      SeeInvis .    b - +6 hand axe "Rihamuf" {freeze, rF+}
rCold   . . .      Faith    .    (no shield)
rNeg    . . .      Spirit   .    w - +0 robe
rPois   .          Reflect  .    (no helmet)
rElec   .          Rampage  .    (no cloak)
rCorr   .                        f - +1 pair of gloves
Will    .....                    g - +0 pair of boots
Stlth   ++                       (no amulet)
HPRegen 0.27/turn                h - +6 ring of intelligence
MPRegen 0.12/turn                A - ring of wizardry

@: about to teleport
A: high MP 1, forlorn, divine attributes
a: no special abilities


You were on level 6 of the Dungeon.
You visited 2 branches of the dungeon, and saw 7 of its levels.

You collected 288 gold pieces.

Inventory:

Hand Weapons
 a - a +0 quarterstaff
 b - the +6 hand axe "Rihamuf" (weapon) {freeze, rF+}
   (You found it on level 5 of the Dungeon)

   rF:        It protects you from fire.
Armour
 f - a +1 pair of gloves (worn)
 g - a +0 pair of boots (worn)
 w - a +0 robe (worn)
Jewellery
 h - a +6 ring of intelligence (left hand)
 s - a +6 ring of strength
 A - a ring of wizardry (right hand)
Wands
 y - a wand of paralysis (9)
Scrolls
 c - a scroll of immolation
 k - a scroll of poison
 n - 4 scrolls of identify
 x - a scroll of enchant weapon {unknown}
 B - a scroll of blinking {unknown}
Potions
 e - 2 potions of ambrosia
 l - 2 potions of attraction {unknown}
 m - 2 potions of heal wounds {unknown}
 o - 6 potions of curing {unknown}
 r - 2 potions of degeneration {unknown}
 t - 2 potions of cancellation {unknown}
 u - 3 potions of flight {unknown}
 z - a potion of might {unknown}
 C - 2 potions of magic


   Skills:
 - Level 1.7 Dodging
 - Level 1.7 Stealth
 - Level 1.7 Spellcasting
 + Level 3.7 Conjurations
 - Level 0.8 Transmutations
 + Level 6.2 Earth Magic


You had 4 spell levels left.
You knew the following spells:

 Your Spells              Type           Power      Damage    Failure   Level
a - Sandblast             Erth           82%        2d17      1%          1
b - Stone Arrow           Conj/Erth      66%        3d11      1%          3

Your spell library contained the following spells:

 Spells                   Type           Power      Damage    Failure   Level
 Passwall                 Tmut/Erth      20%        N/A       1%          2
 Sting                    Tmut/Pois      20%        1d4       2%          1
 Necrotise                Necr           8%         1d4       3%          1
 Poisonous Vapours        Pois/Air       4%         N/A       4%          2
 Petrify                  Tmut/Erth      24%        N/A       8%          4
 Vampiric Draining        Necr           2%         2d6       9%          3
 Animate Armour           Summ/Erth      44%        N/A       9%          4
 Olgreb's Toxic Radiance  Pois           2%         N/A       28%         4
 Agony                    Necr           2%         N/A       61%         5
 Lehudib's Crystal Spear  Conj/Erth      16%        10d5      100%        8


Dungeon Overview and Level Annotations

Branches:
Dungeon (6/15)             Temple (1/1) D:4

Shops:
D:3 [((=

Annotations:
D:6 Blork the orc, Eustachio


Innate Abilities, Weirdness & Mutations

You have an increased reservoir of magic. (+10% MP)
You shall have no god before yourself.
Your divine heritage dramatically boosts your attributes as you level up.


Message History

Aiming: Sandblast (safe; 1% risk of failure)
Press: ? - help, Shift-Dir - straight line, f/p - Blork the orc
Aim: Blork the orc, wielding a +0 dire flail of protection and wearing a +0 robe (moderately wounded, 87% to hit)
The blast of sand hits Blork the orc!
Blork the orc is severely wounded.
Eustachio gestures wildly while chanting.
Blork the orc hits you with a +0 dire flail of protection!
Blork the orc misses you.
Casting: Sandblast (safe; 1% risk of failure)
Confirm with . or Enter, or press ? or * to list all spells.
Aiming: Sandblast (safe; 1% risk of failure)
Press: ? - help, Shift-Dir - straight line, f/p - Blork the orc
Aim: Blork the orc, wielding a +0 dire flail of protection and wearing a +0 robe (severely wounded, 87% to hit)
The blast of sand hits Blork the orc.
Blork the orc is almost dead.
Blork the orc screams, "I'll rip your head off!"
Blork the orc closely misses you.
Casting: Sandblast (safe; 1% risk of failure)
Confirm with . or Enter, or press ? or * to list all spells.
Aiming: Sandblast (safe; 1% risk of failure)
Press: ? - help, Shift-Dir - straight line, f/p - Blork the orc
Aim: Blork the orc, wielding a +0 dire flail of protection and wearing a +0 robe (almost dead, 87% to hit)
The blast of sand hits Blork the orc but does no damage.
Blork the orc is almost dead.
Blork the orc hits you with a +0 dire flail of protection!
* * * LOW HITPOINT WARNING * * *
The quokka twitches its whiskers.
Blork the orc points at you and mumbles some strange words.
The magic dart hits you!
* * * LOW HITPOINT WARNING * * *
Okay, then.
Okay, then.
As you read the scroll of teleportation, it crumbles to dust.
You feel strangely unstable.
Blork the orc casts a spell.
Blork the orc seems to speed up.
Eustachio asks, "How can you live without manners, virtues and honour?"
Blork the orc casts a spell at you. The magic dart hits you.
You die...

* #,*#@,,,,*.#***,,*,* *,**** *
#.*#.,,#.#.## *,,*.#******,*,,,
**#.##.*,.....###,,..[,,,.#*,,...
,##O...#,?..#...,,,#.#***.#***...
,......o##....#****#.# *.# *#.#
,......o...#.#* #.# ##.# #.#
,............# ##.###..# #.#
**,#.#...#.########~~~##.######.#
,,**#.....r@)oo.@....≈~≈≈~~....†#
**,#.#..###r#####.##..≈..~≈~≈#..#
**#.*#..**#.# #.###.##.##≈≈~.#.
,,,,....,,#.# #.# #.##.###≈.###
,**###..*,#.# #.# #.##.>...## #
,* #..*,#.#***#.#*#.##.####.*##
,* #..*,...,,,...,...........#.
,*****,,**#.#***###,#.##.#.......
,,,,,,,,* *,,,,,,,,,..##.#.###..#


You could see Eustachio, Blork the orc (fast), a river rat (summoned), an orc
and a quokka (summoned).

Vanquished Creatures
  A phantom (D:5)
  A scorpion (D:4)
  A howler monkey (D:5)
  2 jellies
  3 iguanas
  A sleepcap (D:4)
  2 orc wizards (D:3)
  3 gnolls (D:4)
  4 adders
  A worm (D:2)
  4 dart slugs
  9 orcs
  4 bats (D:1)
  8 endoplasms
  2 giant cockroaches
  5 goblins
  4 hobgoblins
  5 kobolds
  6 quokkas
  8 ball pythons
  4 frilled lizards
  4 rats
82 creatures vanquished.

Notes
Turn   | Place    | Note
-------+----------+-------------------------------------------
     0 | D:1      | CowFu the Demigod Earth Elementalist began the quest for
                  | the Orb.
     0 | D:1      | Reached XP level 1. HP: 14/14 MP: 5/5
    80 | D:1      | Reached skill level 3 in Earth Magic
   199 | D:1      | Reached XP level 2. HP: 20/20 MP: 5/7
  1089 | D:1      | Reached XP level 3. HP: 26/26 MP: 6/8
  1292 | D:2      | Reached skill level 4 in Earth Magic
  2008 | D:3      | Found Orcheofer's Armour Shoppe.
  2067 | D:3      | Reached XP level 4. HP: 31/33 MP: 1/9
  2189 | D:3      | Learned a level 3 spell: Stone Arrow
  2223 | D:3      | Found Cevocs's Weapon Boutique.
  2225 | D:3      | Found Hept's Weapon Emporium.
  2448 | D:3      | Found Liwiun's Jewellery Shop.
  3005 | D:4      | Reached skill level 1 in Conjurations
  3129 | D:4      | Reached skill level 5 in Earth Magic
  3183 | D:4      | Reached XP level 5. HP: 38/38 MP: 7/10
  3183 | D:4      | Found a staircase to the Ecumenical Temple.
  3849 | D:4      | Reached XP level 6. HP: 45/45 MP: 8/11
  3973 | Temple   | Entered the Ecumenical Temple
  4000 | D:5      | Entered Level 5 of the Dungeon
  4303 | D:5      | Reached skill level 6 in Earth Magic
  4361 | D:5      | Identified the +6 hand axe "Rihamuf" {freeze, rF+}
  4651 | D:6      | Noticed Blork the orc
  4652 | D:6      | Noticed Eustachio
  4669 | D:6      | Killed from afar by Blork the orc

Illustrated notes

Levels and vault maps discovered:
D:1:      nzn_arrival_crosshair, layout_basic,
          hellmonk_ecumenical_altar_lost_god
D:2:      layout_loops_cross, minmay_tall_x
D:3:      layout_basic, mainiacjoe_overflow_boulevard, serial_shops,
          nicolae_shop_bloodbath_and_beyond, shop_fountains,
          nicolae_shop_statue_plus, shop, grunt_decor_one_mirror
D:4:      layout_layer_cave, minmay_temple_entry_waves
D:5:      layout_rooms
D:6:      layout_loops_ring, nicolae_ossuary_entry_plus,
          chequers_serial_rivers_small_a, uniq_blork_the_orc, uniq_sigmund,
          uniq_eustachio
Temple:   chequers_temple_sunken

Skill      XL: |  1  2  3  4  5  6 |
---------------+-------------------+-----
Earth Magic    | 3 4 5 6 |  6.2
Conjurations   | 1 2 3 |  3.7
Dodging        | |  1.7
Stealth        | |  1.7
Spellcasting   | |  1.7
Transmutations | |  0.8

Action                     |  1- 3 |  4- 6 || total
---------------------------+-------+-------++-------
  Melee: Dagger            |     4 |    17 ||    21
         Quarterstaff      |       |     3 ||     3
         Hand axe          |       |     4 ||     4
   Cast: Sandblast         |    65 |    55 ||   120
         Stone Arrow       |       |    10 ||    10
    Use: Scroll            |       |    10 ||    10
 Armour: Robe              |     7 |    12 ||    19
  Dodge: Dodged            |    19 |    31 ||    50

Table legend: (Time is in decaauts)
 A = Elapsed time spent in this place.
 B = Non-inter-level travel time spent in this place.
 C = Inter-level travel time spent in this place.
 D = Time resting spent in this place.
 E = Time spent auto-exploring this place.
 F = Levels seen in this place.
 G = Mean time per level.
                   A        B        C        D        E       F      G
               +--------+--------+--------+--------+--------+-----+--------+
         Total |   4729 |   4569 |    160 |      0 |   3947 |   7 |  675.6 |
       Dungeon |   4727 |   4567 |    160 |      0 |   3947 |   6 |  787.8 |
        Temple |      1 |      1 |      0 |      0 |      0 |   1 |    1.0 |
               +--------+--------+--------+--------+--------+-----+--------+

Top non-repeatable levels by time:
     D:1: 1258 daAuts
     D:4: 1174 daAuts
     D:3: 901 daAuts
     D:2: 717 daAuts
     D:5: 525 daAuts
     D:6: 149 daAuts
  Temple: 1 daAuts
